 Dungeon Crawl Stone Soup version 0.29.1-15-g9cfb28693d (webtiles) character file.

Game seed: 6754426519801014302

2218631 nightchill the Conqueror (level 26, 266/266 HPs)
             Began as a Minotaur Fighter on Mar 1, 2023.
             Was a High Priest of Okawaru.
             Escaped with the Orb
             ... and 4 runes on Mar 2, 2023!
             The game lasted 04:01:46 (74483 turns).

nightchill the Conqueror (Minotaur Fighter)        Turns: 74483, Time: 04:01:47

Health: 266/266    AC: 36    Str: 36    XL:     26   Next: 32%
Magic:  31/31      EV: 18    Int: 16    God:    Okawaru [*****.]
Gold:   3818       SH: 30    Dex: 12    Spells: 25/25 levels left

rFire   + + +      SeeInvis .   b - +6 broad axe (vamp)
rCold   + + +      Faith    .   V - +8 tower shield of Xytuqoj {rElec rC+ Str+4}
rNeg    + + .      Spirit   .   L - +10 pearl dragon scales
rPois   +          Reflect  .   (helmet restricted)
rElec   +          Harm     .   n - scarf {rC+ rF+}
rCorr   +          Rampage  .   S - +2 pair of gloves {Str+3}
Will    +++++      Rage     3%  P - +0 pair of boots of Hedge Wizardry {rPois rF+ Int+3 Slay+3}
Stlth   ..........              R - amulet "Xaohulum" {rPois rC+ Will++ Regen+ Int+4}
HPRegen 1.34/turn               d - ring of protection from fire
MPRegen 0.22/turn               M - ring "Carod" {rElec rN+ Will+ rCorr}

@: hasted (expiring), very quick
A: horns 2, retaliatory headbutt, berserk 1, clever 1, cold resistance 1, low MP
1, strong-willed 1
0: Orb of Zot
}: 4/15 runes: decaying, silver, abyssal, gossamer
a: Renounce Religion, Heroism, Finesse, Duel


You escaped.
You worshipped Okawaru.
Okawaru was extremely pleased with you.
You visited 11 branches of the dungeon, and saw 51 of its levels.
You visited the Abyss 1 time.

You collected 10268 gold pieces.
You spent 6450 gold pieces at shops.

Inventory:

Hand Weapons
 a - a +9 broad axe of electrocution
 b - a +6 vampiric broad axe (weapon)
 Z - a +3 war axe of holy wrath
Missiles
 e - 2 throwing nets
 j - 7 curare-tipped darts
 Y - 17 boomerangs of dispersal (quivered)
Armour
 n - a scarf of resistance (worn)
 o - a +1 hat of willpower
 L - +10 pearl dragon scales (worn)
 P - the +0 pair of boots of Hedge Wizardry (worn) {rPois rF+ Int+3 Slay+3}
   (Okawaru gifted it to you on level 3 of the Lair of Beasts)

   Int:       It affects your intelligence (+3).
   Slay:      It affects your accuracy & damage with ranged weapons and melee
   (+3).
   rF:        It protects you from fire.
   rPois:     It protects you from poison.
 S - a +2 pair of gloves of strength (worn)
 V - the +8 tower shield of Xytuqoj (worn) {rElec rC+ Str+4}
   (Okawaru gifted it to you on level 10 of the Dungeon)

   Str:       It affects your strength (+4).
   rC:        It protects you from cold.
   rElec:     It insulates you from electricity.
Jewellery
 c - a +4 ring of slaying {maybe}
 d - a ring of protection from fire (left hand)
 m - a ring of flight
 M - the ring "Carod" (right hand) {rElec rN+ Will+ rCorr}
   (You took it off a deep elf demonologist on level 3 of the Elven Halls)

   [ring of resist corrosion]

   rElec:     It insulates you from electricity.
   rN:        It protects you from negative energy.
   rCorr:     It protects you from acid and corrosion.
   Will:      It increases your willpower.
 R - the amulet "Xaohulum" (around neck) {rPois rC+ Will++ Regen+ Int+4}
   (You found it on level 5 of the Lair of Beasts)

   [amulet of regeneration]

   Int:       It affects your intelligence (+4).
   rC:        It protects you from cold.
   rPois:     It protects you from poison.
   Regen:     It increases your rate of health regeneration.
   Will:      It greatly increases your willpower.
Wands
 C - a wand of roots (5)
 D - a wand of light (29)
 F - a wand of mindburst (17)
 J - a wand of polymorph (32)
 O - a wand of paralysis (61)
 Q - a wand of digging (14)
Scrolls
 k - 14 scrolls of fear
 l - 3 scrolls of torment
 p - 2 scrolls of silence
 q - 17 scrolls of teleportation
 r - 7 scrolls of poison
 t - 6 scrolls of vulnerability
 u - 5 scrolls of noise
 I - 4 scrolls of immolation
 U - 2 scrolls of magic mapping
Potions
 f - 20 potions of curing
 g - 5 potions of mutation
 h - 6 potions of brilliance
 v - 8 potions of heal wounds
 w - 5 potions of resistance
 x - 12 potions of lignification
 y - 6 potions of ambrosia
 z - 5 potions of magic
 A - 2 potions of cancellation
 B - 9 potions of berserk rage
 E - 12 potions of flight
 G - 8 potions of attraction
 H - 7 potions of might
 K - 5 potions of invisibility
Miscellaneous
 s - a condenser vane
 W - a phial of floods
 X - a tin of tremorstones (2/2)


   Skills:
 O Level 27 Fighting
 - Level 18.0 Axes
 - Level 22.0 Armour
 - Level 20.0 Dodging
 - Level 22.0 Shields
 + Level 19.0 Invocations
 + Level 18.2 Evocations


You had 25 spell levels left.
You didn't know any spells.
Your spell library contained the following spells:

 Spells                   Type           Power      Damage    Failure   Level
 Apportation              Tloc           0%         N/A       54%         1
 Freeze                   Ice            0%         1d3       54%         1
 Magic Dart               Conj           0%         1d3       54%         1
 Necrotise                Necr           0%         1d4       54%         1
 Sandblast                Erth           0%         2d4       54%         1
 Slow                     Hex            0%         N/A       54%         1
 Sting                    Tmut/Pois      0%         1d3       54%         1
 Passwall                 Tmut/Erth      0%         N/A       67%         2
 Sublimation of Blood     Necr           0%         N/A       67%         2
 Wereblood                Tmut           0%         N/A       67%         2
 Confusing Touch          Hex            0%         N/A       88%         3
 Dazzling Flash           Conj/Hex       0%         N/A       88%         3
 Frozen Ramparts          Ice            0%         1d1       88%         3
 Gell's Gravitas          Tloc           0%         N/A       88%         3
 Ignite Poison            Fire/Tmut/Pois 0%         N/A       88%         3
 Inner Flame              Hex/Fire       0%         N/A       88%         3
 Portal Projectile        Hex/Tloc       0%         N/A       88%         3
 Stone Arrow              Conj/Erth      0%         3d7       88%         3
 Teleport Other           Tloc           0%         N/A       88%         3
 Vampiric Draining        Necr           0%         2d6       88%         3
 Airstrike                Air            0%         2d(0-16)  99%         4
 Anguish                  Hex/Necr       0%         N/A       99%         4
 Cause Fear               Hex            0%         N/A       99%         4
 Flame Wave               Conj/Fire      0%         2d4       99%         4
 Hailstorm                Conj/Ice       0%         3d3       99%         4
 Ice Form                 Ice/Tmut       0%         N/A       99%         4
 Passage of Golubria      Tloc           0%         N/A       99%         4
 Petrify                  Tmut/Erth      0%         N/A       99%         4
 Blade Hands              Tmut           0%         N/A       100%        5
 Borgnjor's Vile Clutch   Necr/Erth      0%         N/A       100%        5
 Iskenderun's Battlesphe  Conj           0%         2d6       100%        5
 Lightning Bolt           Conj/Air       0%         1d11      100%        5
 Metabolic Englaciation   Hex/Ice        0%         N/A       100%        5
 Yara's Violent Unravell  Hex/Tmut       0%         3d3       100%        5
 Conjure Ball Lightning   Conj/Air       0%         3x3d6     100%        6
 Dispersal                Tloc           0%         N/A       100%        6
 Iron Shot                Conj/Erth      0%         9d1       100%        6
 Starburst                Conj/Fire      0%         6d3       100%        6
 Statue Form              Tmut/Erth      0%         N/A       100%        6
 Dragon Form              Tmut           0%         N/A       100%        7
 Enfeeble                 Hex            0%         N/A       100%        7
 Discord                  Hex            0%         N/A       100%        8
 Death's Door             Necr           0%         N/A       100%        9
 Shatter                  Erth           0%         3d5*      100%        9
 Summon Small Mammal      Summ           Unusable   N/A       N/A         1
 Summon Guardian Golem    Hex/Summ       Unusable   N/A       N/A         3
 Tukima's Dance           Hex            Unusable   N/A       N/A         3
 Animate Armour           Summ/Erth      Unusable   N/A       N/A         4
 Animate Dead             Necr           Unusable   N/A       N/A         4
 Death Channel            Necr           Unusable   N/A       N/A         6
 Simulacrum               Ice/Necr       Unusable   N/A       N/A         6
 Malign Gateway           Summ/Tloc      Unusable   N/A       N/A         7
 Spellforged Servitor     Conj/Summ      Unusable   N/A       N/A         7
 Summon Hydra             Summ           Unusable   N/A       N/A         7

Dungeon Overview and Level Annotations

Branches:
Dungeon (15/15)            Temple (1/1) D:7            Lair (5/5) D:11
  Swamp (4/4) Lair:2       Spider (4/4) Lair:2        Slime (0/5) Lair:5
    Orc (2/2) D:11            Elf (3/3) Orc:2        Vaults (5/5) D:14
  Crypt (3/3) Vaults:2       Tomb (0/3) Crypt:3      Depths (4/4) D:15
    Zot (5/5) Depths:4

Altars:
Ashenzari
Cheibriados
Dithmenos
Elyvilon
Fedhas
Gozag
Hepliaklqana
Kikubaaqudgha
Makhleb
Nemelex Xobeh
Okawaru
Qazlal
Ru
Sif Muna
Trog
Uskayaw
Vehumet
Wu Jian
Xom
Yredelemnul
Zin
The Shining One
Jiyva
Lugonu

Shops:
D:3 *   D:10 **   D:11 ?   Orc:2 :[[*   Vaults:1 *   Vaults:2 *   Vaults:4 ?
Vaults:5 !   Depths:1 :   Depths:3 ?

Portals:
Hell: Depths:1 Depths:2 Depths:3 Depths:4
Abyss: Depths:1 Depths:3
Pandemonium: Depths:2 Depths:4
Ziggurat: Depths:3

Annotations:
Lair:2 6 runed translucent doors, exclusion: door
Lair:5 exclusions: 6 oklob plants and 1 more exclusion
Spider:2 2 transporters, exclusion: 2 downstairs, Pegasus's ghost, journeyman VSCj; Roxanne
Orc:1 exclusion: door
Elf:2 3 runed translucent doors, exclusions: 3 doors and downstairs
Vaults:1 2 runed translucent doors, exclusions: 2 doors and downstairs, Xafer's ghost, adept DsGl; dolemite99's ghost, veteran DrFE
Vaults:2 exclusion: downstairs
Vaults:5 !careful
Crypt:1 2 transporters, exclusion: orange crystal statue
Depths:2 exclusion: upstairs
Depths:3 exclusion: 2 upstairs
Zot:2 exclusions: downstairs and upstairs
Zot:3 exclusion: upstairs


Innate Abilities, Weirdness & Mutations

You have a pair of horns on your head.
You reflexively headbutt those who attack you in melee.
You sometimes lose your temper in combat.
Your mind is acute. (Int +4, Str/Dex -1)
Your flesh is cold resistant. (rC+)
Your magical capacity is low. (-10% MP)
You are strong-willed. (Will+)


Message History

(H) Hell (Z) Zot
Where to? (? - help)
Okay, then.
(D) Dungeon (T) Temple (L) Lair (S) Swamp (N) Spider Nest (M) Slime Pits (O) Orcish Mines (E) Elven Halls (V) Vaults (C) Crypt (W) Tomb (U) Depths (H) Hell (Z) Zot
Where to? (? - help)
What level of the Dungeon? (default 1, ? - help)
You see here a +0 spear.
A hellion comes into view.
The hellion gives a hideous shriek!
The hellion gestures at you.
The sphere of damnation explodes!
The damnation engulfs you!!
Blink to where?
Press: ? - help, Dir - move target
As you read the scroll of blinking, it crumbles to dust.
The hellion gestures at you.
The sphere of damnation explodes!
The damnation engulfs you!!
You climb upwards.
There is a stone staircase leading down here.
You see here a +0 dagger.
There is a stone staircase leading up here.
You start resting.
HP restored.
You climb upwards.
There is a stone staircase leading down here.
Saving game... please wait.
Welcome back, nightchill the Minotaur Fighter.
Okawaru says: Bring me glory in combat!
Press ? for a list of commands and other information.
There is a strange disturbance nearby!
You see here 4 stones.
You feel yourself speed up.
You see here a +0 sling.
You see here a +3 whip of venom.
There is a large open door here.
Your extra speed is starting to run out.
There is a staircase leading out of the dungeon here.
You have escaped!

#########
##.......#
#.#8####.#
#.##....##
#.##.@.##
#.##...#
##.##.##
##''##
#..#
#..###
##...#
###.# #.#


There were no monsters in sight!

Vanquished Creatures
  6 dread liches
  6 orbs of fire
  2 ancient liches
  Mennas (Vaults:3)
  Frederick (Arena)
  Margery (Arena)
  6 Killer Klowns (Zot:5)
  Bai Suzhen (Swamp:4)
  A curse toe (Arena)
  5 caustic shrikes (Depths:4)
  Saint Roka (Arena)
  Nikola (Arena)
  5 golden dragons
  A bone dragon (Depths:4)
  Arachne (Arena)
  2 electric golems (Zot:5)
  9 tentacled monstrosities
  Jorgrun (Arena)
  Zenata (Arena)
  A hellephant (Depths:2)
  Mlioglotl (Swamp:1)
  5 titans
  A shard shrike skeleton (Abyss:6)
  A lich (Depths:2)
  4 deep elf blademasters (Elf:3)
  27 Orb Guardians
  4 quicksilver dragons
  An Executioner (Depths:1)
  Asterion (Arena)
  4 death cobs
  2 ancient champions
  A deep elf master archer (Elf:3)
  A sphinx (Vaults:5)
  4 tentacled starspawn (Abyss:6)
  8 storm dragons
  A thorn hunter (Swamp:4)
  5 shadow dragons
  3 tengu reavers
  2 draconian monks
  9 fire giants
  A draconian knight (Zot:1)
  2 revenants
  2 iron dragons (Vaults:5)
  7 ghost moths
  7 emperor scorpions
  8 frost giants
  Aizul (Arena)
  4 draconian scorchers
  2 draconian stormcallers
  14 deep elf sorcerers
  10 deep elf elementalists
  9 ghouls
  16 vault wardens
  Louise (Arena)
  2 orc warlords
  3 caustic shrike zombies
  A juggernaut zombie (Crypt:3)
  A spriggan defender (Depths:3)
  A balrug (D:14)
  A draconian shifter (Depths:4)
  17 ironbound preservers
  3 draconian annihilators
  3 broodmothers
  16 stone giants
  6 war gargoyles
  7 ironbound thunderhulks
  A reaper (Crypt:2)
  17 very ugly things
  15 vampire knights
  A lorocyproca (Depths:2)
  3 eleionomae
  6 purple draconians
  10 green draconians
  4 white draconians
  8 deep elf demonologists
  6 red draconians
  15 dire elephants
  9 deep elf annihilators
  6 entropy weavers
  5 yellow draconians
  8 black draconians
  5 spark wasps
  3 bunyips
  5 ettins
  6 eidola
  8 deep elf death magi
  12 fire dragons
  3 merfolk javelineers
  19 jiangshi
  A quicksilver dragon zombie (Crypt:3)
  A merfolk impaler (Depths:3)
  7 deep elf high priests
  37 vault guards
  2 rakshasas
  2 fenstrider witch zombies
  14 yaktaur captains
  33 hydras
  8 ice dragons
  4 great orbs of eyes
  A ghost crab (Swamp:4)
  Erolcha (D:13)
  15 boulder beetles
  3 catoblepae
  10 ironbound frosthearts
  An ogre mage (Vaults:2)
  A peacekeeper (Vaults:2)
  2 death knights
  5 radroaches
  5 spriggan air magi
  21 centaur warriors
  2 jorogumos
  3 alligators
  18 two-headed ogres
  12 dancing weapons
  6 death yaks (Lair:5)
  12 hell hogs
  13 vampire magi
  6 tengu warriors
  8 deep troll earth magi
  5 deep troll shamans
  5 spriggan berserkers
  The ghost of Sapher the Thaumaturge, a novice MeEE of Cheibriados (D:9)
  5 orc high priests (Orc:2)
  12 thrashing horrors (Abyss:6)
  3 wretched stars (Abyss:6)
  16 spriggans
  6 sun demons
  13 hell knights
  7 iron trolls
  5 pharaoh ants
  12 deep elf knights
  A fire crab (Swamp:4)
  2 sixfirhies (Depths:4)
  A spark wasp zombie (Depths:3)
  Nergalle (Orc:1)
  3 shadow wraiths
  2 sun moths
  2 anaconda zombies
  A ghost moth zombie (Crypt:3)
  4 goliath frogs
  2 storm dragon skeletons (Crypt:1)
  35 skeletal warriors
  3 steelbarb worms (Spider:2)
  52 deep trolls
  An entropy weaver zombie (Vaults:1)
  13 orb spiders
  A shadow demon (Depths:4)
  2 flayed ghosts
  A spectral anaconda (Lair:5)
  A death drake (Swamp:2)
  5 bog bodies
  4 swamp dragons
  14 lindwurms
  7 wizards
  An obsidian statue (Lair:5)
  3 glowing orange brains
  A spriggan simulacrum (Crypt:1)
  5 spriggan druids
  17 ironbound convokers
  5 harpies (Vaults:1)
  22 deep elf zephyrmancers
  21 phantasmal warriors
  5 deep elf archers
  9 orc knights
  20 deep elf pyromancers
  3 shadow dragon zombies
  12 necromancers
  An iron dragon zombie (Crypt:3)
  A shining eye (shapeshifter) (Vaults:4)
  12 ugly things
  A will-o-the-wisp (Swamp:3)
  2 manticores (D:12)
  A manticore (shapeshifter) (Vaults:5)
  An iron dragon skeleton (Depths:3)
  4 cyclopes
  49 slime creatures
  31 wolf spiders
  A stone giant zombie (Crypt:3)
  5 orc sorcerers
  18 moths of wrath
  A frost giant skeleton (Depths:1)
  2 centaur zombies
  2 rust devils
  17 elephants (Lair:5)
  18 vault sentinels
  A molten gargoyle (Swamp:4)
  An apocalypse crab (Abyss:6)
  A stone giant skeleton (Crypt:3)
  4 dire elephant zombies
  A black mamba (Lair:5)
  A torpor snail (shapeshifter) (Depths:4)
  2 human skeletons (Vaults:1)
  2 centaur skeletons (D:15)
  4 smoke demons
  12 torpor snails
  2 naga magi (D:15)
  7 komodo dragons
  10 cane toads
  An alligator snapping turtle zombie (Crypt:3)
  An orange demon (Depths:4)
  An orc skeleton (Crypt:1)
  15 demonic crawlers
  2 yaktaur zombies
  29 yaktaurs
  An unseen horror (D:10)
  3 rime drakes
  2 catoblepas skeletons
  5 freezing wraiths
  An alligator snapping turtle skeleton (Crypt:2)
  3 ice devils
  A kobold demonologist (D:14)
  8 tengu conjurers
  3 efreet
  A hellwing (Depths:4)
  2 unseen horrors (shapeshifter) (D:14)
  A bunyip simulacrum (Crypt:2)
  A golden dragon simulacrum (Depths:3)
  A harpy zombie (Crypt:3)
  A red devil (Depths:2)
  7 meliai
  20 hornets
  17 trolls
  3 polar bears
  11 tyrant leeches
  3 raiju (Abyss:6)
  11 dream sheep
  41 tarantellas
  2 ettin zombies
  2 harpy skeletons
  A tarantella zombie (Crypt:1)
  4 spectral elephants (Lair:5)
  38 jumping spiders
  A spriggan skeleton (Depths:1)
  22 water elementals
  A culicivora (shapeshifter) (Vaults:5)
  4 shadows
  3 ettin skeletons
  A jumping spider (shapeshifter) (D:15)
  6 air elementals
  8 wyverns
  A dire elephant simulacrum (Lair:5)
  A naga simulacrum (Crypt:1)
  5 vampires
  24 culicivoras
  13 wraiths
  Grum (D:11)
  A black mamba skeleton (Crypt:2)
  69 yaks
  4 ynoxinuls
  19 vampire mosquitoes
  A wyvern (shapeshifter) (Vaults:5)
  10 fire elementals
  9 steam dragons
  91 redbacks
  5 basilisks
  5 neqoxecs
  4 wargs
  5 large abominations (Abyss:6)
  3 death yak simulacra (Lair:5)
  Edmund (D:5)
  A deep troll zombie (Crypt:3)
  4 spectral cane toads (Lair:5)
  4 acid dragons
  15 swamp worms
  15 water moccasins
  A hydra simulacrum (Crypt:3)
  3 swamp drakes (Swamp:4)
  A swamp dragon zombie (Crypt:1)
  40 orc warriors
  A water nymph skeleton (Crypt:2)
  2 ice beasts (D:7)
  3 sky beasts
  A meliai simulacrum (D:15)
  2 elephant zombies
  2 black bears
  2 elephant skeletons (Lair:5)
  12 ogres
  15 wolves
  15 centaurs
  3 kobold brigands
  2 human zombies (Vaults:3)
  10 bullfrogs
  3 necrophages
  3 scorpions
  6 earth elementals
  2 gnoll sergeants
  A cane toad simulacrum (Lair:5)
  A draconian skeleton (Crypt:3)
  14 wights
  An elephant simulacrum (Lair:5)
  4 spriggan zombies
  3 killer bees (D:10)
  A raiju skeleton (Crypt:3)
  6 howler monkeys
  3 electric eels
  3 jellies
  13 starcursed masses (Abyss:6)
  A hound (D:6)
  A gnoll bouda (D:7)
  32 orc priests
  A bullfrog skeleton (Crypt:2)
  3 iguanas
  A hell rat (Lair:3)
  20 orc wizards
  A naga skeleton (Crypt:1)
  21 gnolls
  8 adders
  A shadow imp (D:5)
  3 white imps
  A jelly zombie (Crypt:1)
  A worm (D:2)
  2 dart slugs (D:2)
  85 orcs
  10 ball pythons
  3 endoplasms
  4 giant cockroaches
  4 goblins
  9 hobgoblins
  6 jackals
  5 quokkas
  A ball python skeleton (Crypt:2)
  6 bats
  A dart slug zombie (Crypt:1)
  2 frilled lizards
  24 kobolds
  A kobold zombie (Crypt:2)
  6 rats
  A fire vortex (Swamp:4)
  A lurking horror (Abyss:6)
  2 starspawn tentacles (Abyss:6)
2346 creatures vanquished.

Vanquished Creatures (others)
  A draconian knight (Zot:3)
  A quicksilver dragon skeleton (Depths:3)
  A deep elf knight (Elf:1)
  A sun moth (Spider:3)
  A swamp dragon (Swamp:4)
  2 deep elf zephyrmancers (Elf:1)
  A deep elf pyromancer (D:15)
  A cyclops (D:15)
  An unseen horror (D:10)
  2 bloated husks
  A tarantella (Spider:3)
  An air elemental (Elf:1)
  A golden eye (Abyss:6)
  2 steam dragons (Swamp:4)
  A spectral cane toad (Lair:5)
  A swamp worm (Swamp:2)
  2 swamp drakes (Swamp:4)
  A necrophage (D:6)
  An adder (D:6)
  An orc (D:6)
  20 fungi
  A lurking horror (Abyss:6)
  101 plants
  14 starspawn tentacles
  18 withered plants (Lair:5)
178 creatures vanquished.

Grand Total: 2524 creatures vanquished

Notes
Turn   | Place    | Note
-------+----------+-------------------------------------------
     0 | D:1      | nightchill the Minotaur Fighter began the quest for the
                  | Orb.
     0 | D:1      | Reached XP level 1. HP: 19/19 MP: 0/0
   387 | D:1      | Reached XP level 2. HP: 27/27 MP: 1/1
   622 | D:1      | Reached skill level 4 in Fighting
  1118 | D:2      | Reached XP level 3. HP: 31/33 MP: 2/2
  1161 | D:2      | You fall into a shaft and drop 2 floors!
  1986 | D:3      | Reached XP level 4. HP: 18/41 MP: 3/3
  2299 | D:3      | Reached skill level 5 in Axes
  2468 | D:3      | Reached XP level 5. HP: 39/47 MP: 4/4
  2578 | D:3      | Found Niygehec's Assorted Antiques.
  2661 | D:3      | Reached skill level 5 in Fighting
  2765 | D:3      | Found a faded altar of an unknown god.
  3016 | D:4      | Noticed an ogre
  3027 | D:4      | Killed an ogre
  3080 | D:4      | Reached XP level 6. HP: 56/56 MP: 5/5
  3674 | D:5      | Entered Level 5 of the Dungeon
  3739 | D:5      | Reached skill level 6 in Fighting
  3741 | D:5      | Reached XP level 7. HP: 63/63 MP: 6/6
  3914 | D:5      | Found a sacrificial altar of Ru.
  4200 | D:5      | Found an ancient bone altar of Kikubaaqudgha.
  4320 | D:6      | Found a shadowy altar of Dithmenos.
  4342 | D:6      | Reached skill level 7 in Fighting
  4392 | D:6      | Reached XP level 8. HP: 69/73 MP: 7/7
  4457 | D:6      | Reached skill level 10 in Axes
  4816 | D:6      | Noticed Edmund
  4831 | D:5      | Killed Edmund
  4832 | D:5      | Reached skill level 8 in Fighting
  5381 | D:7      | Found a blossoming altar of Fedhas.
  5388 | D:7      | Found a stormy altar of Qazlal.
  5488 | D:7      | Reached XP level 9. HP: 80/82 MP: 8/8
  5495 | D:7      | Identified the +9 long sword "Veteohi" {vorpal, rCorr
                  | Int+3}
  5571 | D:7      | Reached skill level 9 in Fighting
  5701 | D:7      | Identified the +0 buckler of Dasasul {*Corrode Str+2 Dex+4}
  5796 | D:7      | Found a staircase to the Ecumenical Temple.
  5835 | Temple   | Entered the Ecumenical Temple
  6017 | Temple   | Became a worshipper of Warmaster Okawaru
  6897 | D:8      | Reached skill level 1 in Invocations
  7121 | D:8      | Paralysed by a wight for 2 turns
  7546 | D:8      | Reached * piety under Okawaru
  7604 | D:8      | Found a hazy altar of Hepliaklqana.
  7808 | D:8      | Reached skill level 10 in Fighting
  7907 | D:8      | Found an ornate altar of the Wu Jian Council.
  7958 | D:8      | Found a hide-covered altar of Uskayaw.
  7962 | D:8      | Found a radiant altar of Vehumet.
  7975 | D:8      | Found a burning altar of Makhleb.
  7977 | D:8      | Found a basalt altar of Yredelemnul.
  8124 | D:9      | Noticed a troll
  8130 | D:9      | Killed a troll
  8313 | D:9      | Found a runed translucent door.
  8314 | D:9      | Noticed Sapher's ghost (novice MeEE)
  8354 | D:9      | Reached XP level 10. HP: 45/93 MP: 11/11
  8355 | D:9      | Reached ** piety under Okawaru
  9151 | D:9      | Noticed a boulder beetle
  9160 | D:10     | Entered Level 10 of the Dungeon
  9478 | D:10     | Reached skill level 11 in Fighting
  9479 | D:10     | Found Hyabb's Assorted Antiques.
  9552 | D:10     | Reached *** piety under Okawaru
  9553 | D:10     | Reached skill level 5 in Invocations
  9715 | D:9      | Found a basalt altar of Yredelemnul.
  9731 | D:9      | Killed a boulder beetle
  9732 | D:9      | Reached skill level 15 in Axes
 10290 | D:9      | Killed Sapher's ghost
 10290 | D:9      | Reached **** piety under Okawaru
 10347 | D:10     | Found Ifoybbe's Overcharged Wands.
 10419 | D:10     | Noticed a two-headed ogre
 10438 | D:10     | Killed a two-headed ogre
 10439 | D:10     | Reached XP level 11. HP: 84/103 MP: 12/14
 10736 | D:10     | Noticed a two-headed ogre
 10742 | D:10     | Noticed a centaur warrior
 10750 | D:10     | Killed a centaur warrior
 10952 | D:10     | Reached skill level 12 in Fighting
 11087 | D:10     | Killed a two-headed ogre
 11118 | D:10     | Reached ***** piety under Okawaru
 11144 | D:10     | Reached skill level 5 in Shields
 11313 | D:10     | Noticed a two-headed ogre
 11325 | D:10     | Killed a two-headed ogre
 11492 | D:10     | Noticed a four-headed hydra
 11500 | D:10     | Killed a four-headed hydra
 11581 | D:10     | Noticed a deep elf pyromancer
 11595 | D:10     | Killed a deep elf pyromancer
 11595 | D:10     | Identified the -1 buckler of the Known World {rF++}
                  | (Okawaru gifted it to you on level 10 of the Dungeon)
 11595 | D:10     | Received a gift from Okawaru
 11997 | D:10     | Noticed a centaur warrior
 12010 | D:10     | Killed a centaur warrior
 12027 | D:10     | Reached XP level 12. HP: 113/113 MP: 16/16
 12076 | D:10     | Noticed a two-headed ogre
 12083 | D:10     | Killed a two-headed ogre
 12187 | D:10     | Noticed a centaur warrior
 12194 | D:10     | Killed a centaur warrior
 12195 | D:10     | Reached skill level 13 in Fighting
 12217 | D:10     | Noticed a two-headed ogre
 12438 | D:10     | Killed a two-headed ogre
 12814 | D:11     | Got Dourph's Papyrus of Attacks and the Atmosphere
 12822 | D:11     | Found a staircase to the Orcish Mines.
 12868 | D:11     | Noticed Grum
 12880 | D:11     | Killed Grum
 12945 | D:11     | Reached skill level 10 in Shields
 12995 | D:11     | Noticed a boulder beetle
 13026 | D:10     | Killed a boulder beetle
 13026 | D:10     | Identified the +8 tower shield of Xytuqoj {rElec rC+ Str+4}
                  | (Okawaru gifted it to you on level 10 of the Dungeon)
 13026 | D:10     | Received a gift from Okawaru
 13437 | D:11     | Found a staircase to the Lair.
 13460 | D:11     | Found Jimahus's Magic Scroll Boutique.
 13732 | Lair:1   | Entered Level 1 of the Lair of Beasts
 13732 | Lair:1   | Noticed a six-headed hydra
 13744 | Lair:1   | Killed a six-headed hydra
 14375 | Lair:1   | Reached skill level 14 in Fighting
 14389 | Lair:1   | Found a snail-covered altar of Cheibriados.
 14769 | Lair:2   | Reached XP level 13. HP: 118/124 MP: 19/19
 14789 | Lair:2   | Found a hole to the Spider Nest.
 14857 | Lair:2   | Identified a scroll of acquirement
 15191 | Lair:2   | Found a runed translucent door.
 15449 | Lair:2   | Found a staircase to the Swamp.
 15592 | Lair:2   | Found the +7 sceptre of Torment {pain, torment}
 15717 | Lair:3   | Acquired a +0 vorpal broad axe
 16110 | Lair:3   | Identified the +0 pair of boots of Hedge Wizardry {rPois
                  | rF+ Int+3 Slay+3} (Okawaru gifted it to you on level 3 of
                  | the Lair of Beasts)
 16110 | Lair:3   | Received a gift from Okawaru
 16281 | Lair:3   | Identified the +0 leather armour "Cuotuwk" {+Blink Int+4}
 16578 | Lair:3   | Reached skill level 10 in Invocations
 17597 | Lair:4   | Reached skill level 15 in Fighting
 18049 | Orc:1    | Entered Level 1 of the Orcish Mines
 18103 | Orc:1    | Noticed Nergalle
 18108 | Orc:1    | Killed Nergalle
 18339 | Orc:2    | Entered Level 2 of the Orcish Mines
 18349 | Orc:2    | Identified the +2 kite shield of a Gauntlet {*Slow rPois
                  | rN+} (Okawaru gifted it to you on level 2 of the Orcish
                  | Mines)
 18349 | Orc:2    | Received a gift from Okawaru
 18795 | Orc:2    | Reached XP level 14. HP: 135/135 MP: 20/20
 19494 | Orc:2    | Found a staircase to the Elven Halls.
 19562 | Orc:2    | Paralysed by an orc sorcerer for 3 turns
 19829 | Orc:2    | Found Acobac's Book Boutique.
 19995 | Orc:2    | Found Moor's Antique Armour Shop.
 20594 | Orc:2    | Noticed an orc warlord
 20595 | Arena    | Entered the Arena
 20610 | Arena    | Killed an orc warlord
 20698 | Orc:2    | Found Vuquobb's General Store.
 20825 | Orc:2    | Reached skill level 15 in Shields
 20880 | Orc:2    | Found Quvatzydej's Antique Armour Shoppe.
 21553 | D:12     | Received a gift from Okawaru
 21553 | D:12     | Found the +8 Wrath of Trog {antimagic, *Rage Rampage}
 22436 | D:13     | Noticed Erolcha
 22443 | D:13     | Killed Erolcha
 22516 | D:13     | Acquired 706 gold pieces
 22617 | D:11     | Bought a scroll of acquirement for 832 gold pieces
 22617 | D:11     | Acquired 587 gold pieces
 22771 | D:13     | Reached skill level 5 in Armour
 23050 | D:13     | Received a gift from Okawaru
 23051 | D:13     | Reached skill level 16 in Fighting
 23473 | Orc:2    | Bought a scroll of enchant weapon for 112 gold pieces
 23885 | D:14     | Found a gate to the Vaults.
 24208 | D:14     | Reached XP level 15. HP: 136/144 MP: 22/22
 24874 | D:15     | Entered Level 15 of the Dungeon
 25090 | Swamp:1  | Entered Level 1 of the Swamp
 25090 | Swamp:1  | Noticed Mlioglotl
 25101 | Swamp:1  | Killed Mlioglotl
 25504 | Swamp:1  | Identified the +5 trident "Faehann" {vorpal, rPois}
 25980 | Swamp:2  | Noticed Louise
 25982 | Arena    | Entered the Arena
 25989 | Arena    | Killed Louise
 25989 | Arena    | Received a gift from Okawaru
 28204 | Swamp:3  | Reached skill level 17 in Fighting
 28839 | Spider:1 | Entered Level 1 of the Spider Nest
 29079 | Spider:1 | Reached skill level 10 in Armour
 29081 | Spider:1 | Reached XP level 16. HP: 142/155 MP: 22/24
 29779 | Spider:1 | Identified the +2 pair of gloves of a Gauntlet {Rampage
                  | +Blink rElec Int-2} (Okawaru gifted it to you on level 1 of
                  | the Spider Nest)
 29779 | Spider:1 | Received a gift from Okawaru
 30526 | Spider:2 | Noticed Jorgrun
 30529 | Arena    | Entered the Arena
 30534 | Arena    | Killed Jorgrun
 30573 | Spider:2 | Reached skill level 1 in Evocations
 30656 | Spider:2 | Found a transporter.
 30662 | Spider:2 | Noticed Pegasus's ghost (journeyman VSCj)
 30984 | Spider:2 | Received a gift from Okawaru
 31081 | Spider:2 | Identified Roxanne's Volume of the Caves
 31081 | Spider:2 | Noticed Roxanne
 31507 | Spider:2 | Found a transporter.
 31788 | Spider:3 | Noticed Arachne
 31790 | Arena    | Entered the Arena
 31802 | Arena    | Killed Arachne
 33203 | D:3      | Bought a potion of curing for 93 gold pieces
 33358 | D:10     | Bought a potion of curing for 93 gold pieces
 33465 | Orc:2    | Bought a potion of curing for 45 gold pieces
 33524 | Orc:2    | Bought a transparent plate armour for 812 gold pieces
 33524 | Orc:2    | Identified the +6 plate armour "Beriaran" {Rampage rElec
                  | rF+} (You bought it in a shop on level 2 of the Orcish
                  | Mines)
 33989 | Spider:2 | Reached skill level 18 in Fighting
 34519 | Spider:3 | Reached XP level 17. HP: 123/163 MP: 0/25
 36170 | Spider:3 | Received a gift from Okawaru
 36202 | Spider:3 | Got the Secrets of Incandescent Transmutation
 36658 | D:15     | Found a shadowy altar of Dithmenos.
 37075 | D:15     | Found a staircase to the Depths.
 37317 | Lair:5   | Entered Level 5 of the Lair of Beasts
 37428 | Lair:5   | Found a viscous altar of Jiyva.
 37429 | Lair:5   | Found a staircase to the Slime Pits.
 37548 | Lair:5   | Found the +1 robe of Vines {NoPotionHeal Regen++++}
 37557 | Lair:5   | Received a gift from Okawaru
 37677 | Lair:5   | Reached skill level 5 in Evocations
 38809 | Lair:5   | Received a gift from Okawaru
 39042 | Lair:5   | Reached skill level 15 in Armour
 39103 | Lair:5   | Identified the amulet "Xaohulum" {rPois rC+ Will++ Regen+
                  | Int+4}
 39164 | Lair:5   | Reached skill level 1 in Dodging
 39487 | Swamp:4  | Entered Level 4 of the Swamp
 39487 | Swamp:4  | Noticed Aizul
 39489 | Arena    | Entered the Arena
 39508 | Arena    | Killed Aizul
 39529 | Swamp:4  | Reached XP level 18. HP: 157/174 MP: 18/26
 39661 | Swamp:4  | Reached skill level 19 in Fighting
 39708 | Swamp:4  | Noticed Bai Suzhen
 39719 | Swamp:3  | Received a gift from Okawaru
 40323 | Swamp:4  | Killed Bai Suzhen
 40558 | Swamp:4  | Got a decaying rune of Zot
 40634 | Swamp:4  | Received a gift from Okawaru
 41117 | Elf:1    | Entered Level 1 of the Elven Halls
 41177 | Elf:1    | Noticed a Hell Sentinel
 41406 | Elf:1    | Reached skill level 5 in Dodging
 41666 | Elf:1    | Received a gift from Okawaru
 42584 | Elf:2    | Found a runed translucent gate.
 42585 | Elf:2    | Found a runed translucent gate.
 42585 | Elf:2    | Found a runed translucent gate.
 43576 | Spider:4 | Entered Level 4 of the Spider Nest
 43642 | Spider:4 | Noticed Nikola
 43876 | Vaults:1 | Entered Level 1 of the Vaults
 43937 | Vaults:1 | Found a large runed translucent door.
 43937 | Vaults:1 | Found a large runed translucent door.
 43937 | Vaults:1 | Noticed dolemite99's ghost (veteran DrFE)
 43937 | Vaults:1 | Noticed Xafer's ghost (adept DsGl)
 44015 | Vaults:1 | Found Fous's Assorted Antiques.
 44025 | Vaults:1 | Bought a scroll of teleportation for 99 gold pieces
 44122 | Vaults:1 | Reached XP level 19. HP: 165/184 MP: 24/27
 44152 | Vaults:1 | Identified the +1 robe of Dogma {Slay+3} (Okawaru gifted it
                  | to you on level 1 of the Vaults)
 44152 | Vaults:1 | Received a gift from Okawaru
 44218 | Vaults:1 | Reached skill level 20 in Fighting
 45185 | Vaults:2 | Found a staircase to the Crypt.
 45804 | Vaults:2 | Identified the +9 broad axe of Mana {freeze, rF+ rC++
                  | Will-} (Okawaru gifted it to you on level 2 of the Vaults)
 45804 | Vaults:2 | Received a gift from Okawaru
 46209 | Vaults:2 | Found Faqoinad's Assorted Antiques.
 46859 | Vaults:3 | Noticed Margery
 47145 | Vaults:3 | Reached ****** piety under Okawaru
 47165 | Vaults:3 | Reached XP level 20. HP: 157/195 MP: 28/28
 47285 | Vaults:3 | Noticed Zenata
 47285 | Vaults:3 | Noticed Asterion
 47287 | Arena    | Entered the Arena
 47301 | Arena    | Killed Zenata
 47317 | Arena    | Entered the Arena
 47322 | Arena    | Killed Asterion
 47349 | Vaults:3 | Identified the +8 battleaxe "Xeoli" {drain, SInv} (Okawaru
                  | gifted it to you on level 3 of the Vaults)
 47349 | Vaults:3 | Received a gift from Okawaru
 47442 | Arena    | Entered the Arena
 47451 | Arena    | Killed Margery
 47472 | Vaults:3 | Reached skill level 21 in Fighting
 47716 | Vaults:3 | Acquired 943 gold pieces
 47795 | Vaults:3 | Noticed Frederick
 47796 | Arena    | Entered the Arena
 47802 | Arena    | Killed Frederick
 47819 | Vaults:3 | Reached skill level 10 in Evocations
 48005 | Vaults:3 | Reached skill level 10 in Dodging
 48754 | Vaults:4 | Noticed Mennas
 48839 | Vaults:3 | Killed Mennas
 49074 | Vaults:4 | Received a gift from Okawaru
 49371 | Vaults:4 | Found Jisaburia's Magic Scroll Boutique.
 49379 | Vaults:4 | Bought a scroll of teleportation for 42 gold pieces
 49379 | Vaults:4 | Bought a scroll of magic mapping for 105 gold pieces
 49379 | Vaults:4 | Bought a scroll of enchant armour for 105 gold pieces
 49379 | Vaults:4 | Bought a scroll of enchant weapon for 105 gold pieces
 49379 | Vaults:4 | Bought 3 scrolls of enchant weapon for 315 gold pieces
 50003 | Vaults:4 | Received a gift from Okawaru
 50449 | Depths:1 | Entered Level 1 of the Depths
 51161 | Arena    | Entered the Arena
 51174 | Arena    | Killed Nikola
 51175 | Arena    | Reached skill level 22 in Fighting
 51195 | Spider:3 | Reached XP level 21. HP: 196/207 MP: 22/29
 52051 | Spider:4 | Got a gossamer rune of Zot
 52827 | Orc:2    | Bought pearl dragon scales for 2900 gold pieces
 53355 | Depths:1 | Found a gateway to Hell.
 53438 | Depths:1 | Found Teotz's Vocational Training.
 54090 | Depths:1 | Found a corrupted altar of Lugonu.
 54091 | Depths:1 | Found a one-way gate to the infinite horrors of the Abyss.
 54336 | Depths:2 | You fall into a shaft and drop 2 floors!
 54336 | Depths:4 | Entered Level 4 of the Depths
 54364 | Depths:3 | Found a one-way gateway to a ziggurat.
 54371 | Depths:3 | Noticed a golden dragon
 54395 | Depths:3 | Killed a golden dragon
 54395 | Depths:3 | Received a gift from Okawaru
 54427 | Depths:3 | Reached skill level 23 in Fighting
 54713 | Depths:3 | Identified the +1 leather armour of Darunn {Str+2 Int+2}
 55442 | Depths:3 | Found Roehuv's Magic Scroll Emporium.
 55450 | Depths:3 | Bought a scroll of blinking for 82 gold pieces
 55450 | Depths:3 | Bought a scroll of blinking for 82 gold pieces
 55450 | Depths:3 | Bought a scroll of enchant weapon for 82 gold pieces
 55829 | Depths:3 | Bought a scroll of teleportation for 33 gold pieces
 55829 | Depths:3 | Bought a scroll of teleportation for 33 gold pieces
 55843 | Depths:4 | Found an ancient bone altar of Kikubaaqudgha.
 56027 | Depths:2 | Gained mutation: You sometimes lose your temper in combat.
                  | [a neqoxec]
 56147 | Depths:2 | Gained mutation: You are frail. (-10% HP) [a neqoxec]
 56274 | Depths:2 | Found a faded altar of an unknown god.
 56274 | Depths:2 | Found a hazy altar of Hepliaklqana.
 56276 | Depths:2 | Found a faded altar of an unknown god.
 56323 | Depths:2 | Found a one-way gate leading to the halls of Pandemonium.
 56654 | Depths:2 | Reached XP level 22. HP: 178/199 MP: 30/30
 56687 | Depths:2 | Got Jumaemnogaz's Excursus on the Fulgurant Map
 56704 | Depths:2 | Got the Codex of the Undead
 56797 | Depths:2 | Found a shimmering blue altar of Sif Muna.
 56845 | Depths:2 | Identified the +2 robe of the Ageless Xeniums {rN++ Dex+3}
                  | (Okawaru gifted it to you on level 2 of the Depths)
 56845 | Depths:2 | Received a gift from Okawaru
 56910 | Depths:2 | Noticed a dread lich
 56919 | Depths:2 | Killed a dread lich
 56920 | Depths:2 | Reached skill level 24 in Fighting
 56920 | Depths:2 | Noticed an ancient lich
 56924 | Depths:2 | Killed an ancient lich
 56940 | Depths:2 | Got Pofeessu's Guide on Amassed Despicable Liturgies
 56963 | Depths:2 | Got the Folio of Striking
 57700 | Depths:4 | Noticed a caustic shrike
 57700 | Depths:4 | Noticed a caustic shrike
 57711 | Depths:4 | Killed a caustic shrike
 57718 | Depths:4 | Killed a caustic shrike
 58191 | Depths:4 | Noticed a caustic shrike
 58193 | Depths:4 | Noticed a caustic shrike
 58193 | Depths:4 | Noticed a caustic shrike
 58211 | Depths:4 | Killed a caustic shrike
 58215 | Depths:4 | Killed a caustic shrike
 58221 | Depths:4 | Killed a caustic shrike
 58687 | Depths:4 | Reached skill level 25 in Fighting
 58762 | Depths:4 | Gained mutation: You are weak. (Str -2) [a neqoxec]
 58763 | Depths:4 | Gained mutation: You are very frail. (-20% HP) [a neqoxec]
 59020 | Depths:4 | Found a gate to the Realm of Zot.
 59177 | Depths:4 | Lost mutation: You sometimes lose your temper in combat.
                  | [potion of mutation]
 59177 | Depths:4 | Lost mutation: You are weak. (Str -2) [potion of mutation]
 59177 | Depths:4 | Lost mutation: You are very frail. (-20% HP) [potion of
                  | mutation]
 59177 | Depths:4 | Gained mutation: You are weak. (Str -2) [potion of
                  | mutation]
 59177 | Depths:4 | Gained mutation: Your spells are a little easier to cast,
                  | but a little less powerful. [potion of mutation]
 59177 | Depths:4 | Lost mutation: You are frail. (-10% HP) [potion of
                  | mutation]
 59177 | Depths:4 | Gained mutation: You passively dampen the noise of your
                  | surroundings. [potion of mutation]
 59540 | Vaults:5 | Entered Level 5 of the Vaults
 59561 | Vaults:5 | Identified the +7 quarterstaff of the Beast {chaos, Fly
                  | Dex+4} (Okawaru gifted it to you on level 5 of the Vaults)
 59561 | Vaults:5 | Received a gift from Okawaru
 59571 | Vaults:5 | Noticed a dread lich
 59615 | Vaults:5 | Noticed a golden dragon
 59638 | Vaults:5 | Killed a golden dragon
 59884 | Vaults:5 | Reached XP level 23. HP: 234/234 MP: 31/31
 59886 | Vaults:5 | Reached skill level 15 in Dodging
 60074 | Vaults:5 | Got a silver rune of Zot
 60078 | Vaults:5 | Identified the +4 short sword "Wotenown" {speed, rCorr
                  | Str+10 Int-5 Dex-4}
 60317 | Vaults:5 | Identified the +9 short sword "Fihoiliw" {antimagic, rElec
                  | rF+ Int+5}
 60575 | Vaults:5 | Received a gift from Okawaru
 60623 | Vaults:5 | Found Vecis's Distillery.
 60655 | Vaults:5 | Bought a potion of cancellation for 96 gold pieces
 60655 | Vaults:5 | Bought 2 potions of curing for 72 gold pieces
 60655 | Vaults:5 | Bought a potion of curing for 36 gold pieces
 60655 | Vaults:5 | Bought a potion of haste for 120 gold pieces
 60655 | Vaults:5 | Bought a potion of curing for 36 gold pieces
 60655 | Vaults:5 | Bought 2 potions of curing for 72 gold pieces
 60738 | Vaults:5 | Reached skill level 26 in Fighting
 60821 | Vaults:5 | Noticed an ancient lich
 60972 | Vaults:5 | Killed an ancient lich
 61428 | Vaults:5 | Identified the +7 short sword "Killer Klown's Peril" {elec,
                  | rC+ rN+ MP+9 Int-5}
 61517 | Vaults:5 | Killed a dread lich
 61983 | D:11     | Bought a scroll of teleportation for 48 gold pieces
 62071 | Lair:2   | Identified the +2 hat of Hysteria {Contam rPois rC+}
 62073 | Lair:2   | Found a runed translucent gate.
 62073 | Lair:2   | Found a runed translucent gate.
 62073 | Lair:2   | Found a runed translucent gate.
 62073 | Lair:2   | Found a runed translucent gate.
 62074 | Lair:2   | Found a runed translucent gate.
 62078 | Lair:2   | Found a runed translucent gate.
 62550 | Crypt:1  | Entered Level 1 of the Crypt
 62676 | Crypt:1  | Found a transporter.
 62919 | Crypt:1  | Found a transporter.
 63679 | Crypt:2  | Found a magical portal.
 64124 | Crypt:2  | Identified the +2 pair of boots of Vlad {rC+ Will++}
                  | (Okawaru gifted it to you on level 2 of the Crypt)
 64124 | Crypt:2  | Received a gift from Okawaru
 64679 | Crypt:3  | Entered Level 3 of the Crypt
 64795 | Crypt:3  | Reached XP level 24. HP: 247/247 MP: 32/32
 65107 | Crypt:3  | Reached skill level 27 in Fighting
 65125 | Crypt:3  | Found a staircase to the Tomb.
 65434 | Crypt:3  | Found a basalt altar of Yredelemnul.
 66840 | Elf:3    | Entered Level 3 of the Elven Halls
 66875 | Elf:3    | Identified the +1 hat of Miracles {rC++ Dex+4} (Okawaru
                  | gifted it to you on level 3 of the Elven Halls)
 66875 | Elf:3    | Received a gift from Okawaru
 67129 | Elf:3    | Noticed Saint Roka
 67192 | Arena    | Entered the Arena
 67200 | Arena    | Killed Saint Roka
 67514 | Elf:3    | Paralysed by an air elemental for 1 turns
 68135 | Elf:3    | Identified the +7 morningstar of Spite {vorpal, Int+3}
 68135 | Elf:3    | Identified the ring "Carod" {rElec rN+ Will+ rCorr}
 68439 | Elf:3    | Found the +3 giant club "Skullcrusher" {speed, Str+7}
 68506 | Elf:3    | Identified the +6 short sword of Idatui {protect, Str+4}
 68539 | Elf:3    | Found the amulet of the Air {Inacc Air Fly rElec RMsl}
 68546 | Elf:3    | Got Sif Muna's Excursus on the Venomous Caves
 69169 | Zot:1    | Entered Level 1 of the Realm of Zot
 69272 | Zot:1    | Reached skill level 15 in Invocations
 69813 | Zot:3    | Reached XP level 25. HP: 257/257 MP: 33/33
 69883 | Zot:3    | Noticed an orb of fire
 69898 | Zot:3    | Gained mutation: You are frail. (-10% HP) [an orb of fire]
 69907 | Zot:3    | Killed an orb of fire
 69990 | Zot:3    | Reached skill level 15 in Evocations
 70287 | Zot:3    | Identified the +4 cloak of Evolution {Str+5 Dex+2} (Okawaru
                  | gifted it to you on level 3 of the Realm of Zot)
 70287 | Zot:3    | Received a gift from Okawaru
 71842 | Zot:5    | Entered Level 5 of the Realm of Zot
 72401 | Zot:5    | Noticed a dread lich
 72417 | Zot:5    | Killed a dread lich
 72431 | Arena    | Entered the Arena
 72560 | Zot:5    | Noticed a dread lich
 72579 | Zot:5    | Killed a dread lich
 72609 | Zot:5    | Noticed a Killer Klown
 72631 | Zot:5    | Killed a Killer Klown
 72691 | Zot:5    | Noticed a Killer Klown
 72691 | Zot:5    | Noticed a Killer Klown
 72692 | Zot:5    | Noticed a dread lich
 72705 | Zot:5    | Noticed an orb of fire
 72705 | Zot:5    | Noticed an orb of fire
 72705 | Zot:5    | Noticed a dread lich
 72705 | Zot:5    | Noticed a Killer Klown
 72705 | Zot:5    | Noticed a Killer Klown
 72710 | Arena    | Entered the Arena
 72720 | Arena    | Gained mutation: You are very weak. (Str -4) [an orb of
                  | fire]
 72724 | Arena    | Killed an orb of fire
 72743 | Zot:5    | Noticed an orb of fire
 72744 | Arena    | Entered the Arena
 72748 | Arena    | Killed an orb of fire
 72770 | Zot:5    | Gained mutation: You occasionally lose the ability to drink
                  | potions when taking damage. [a cacodemon]
 72780 | Zot:5    | Killed a dread lich
 72786 | Zot:5    | Gained mutation: You are strong-willed. (Will+) [an orb of
                  | fire]
 72789 | Zot:5    | Gained mutation: Your magical capacity is low. (-10% MP)
                  | [an orb of fire]
 72790 | Zot:5    | Killed an orb of fire
 72803 | Zot:5    | Killed a Killer Klown
 72809 | Zot:5    | Killed a Killer Klown
 72826 | Zot:5    | Noticed a dread lich
 72826 | Zot:5    | Noticed a Killer Klown
 72829 | Zot:5    | Noticed an orb of fire
 72864 | Zot:5    | Killed a Killer Klown
 72956 | Zot:5    | Killed a Killer Klown
 72975 | Zot:5    | Lost mutation: You occasionally lose the ability to drink
                  | potions when taking damage. [potion of mutation]
 72975 | Zot:5    | Lost mutation: You are frail. (-10% HP) [potion of
                  | mutation]
 72975 | Zot:5    | Lost mutation: Your spells are a little easier to cast, but
                  | a little less powerful. [potion of mutation]
 72975 | Zot:5    | Gained mutation: Armour fits poorly on your strangely
                  | shaped body. [potion of mutation]
 72975 | Zot:5    | Gained mutation: You have a pair of large horns on your
                  | head. [potion of mutation]
 72975 | Zot:5    | Gained mutation: You have large cloven feet. [potion of
                  | mutation]
 73036 | Zot:5    | Gained mutation: You occasionally lose the ability to read
                  | scrolls when taking damage. [an orb of fire]
 73046 | Zot:5    | Killed an orb of fire
 73048 | Zot:5    | Lost mutation: Your magical capacity is low. (-10% MP)
                  | [potion of mutation]
 73048 | Zot:5    | Lost mutation: You are very weak. (Str -4) [potion of
                  | mutation]
 73048 | Zot:5    | Lost mutation: You have a pair of large horns on your head.
                  | [potion of mutation]
 73048 | Zot:5    | Gained mutation: You are frail. (-10% HP) [potion of
                  | mutation]
 73048 | Zot:5    | Gained mutation: You are partially covered in iridescent
                  | scales. (AC +2) [potion of mutation]
 73049 | Zot:5    | Lost mutation: You are frail. (-10% HP) [potion of
                  | mutation]
 73049 | Zot:5    | Lost mutation: You passively dampen the noise of your
                  | surroundings. [potion of mutation]
 73049 | Zot:5    | Gained mutation: You possess an exceptional clarity of
                  | mind. [potion of mutation]
 73049 | Zot:5    | Lost mutation: You are strong-willed. (Will+) [potion of
                  | mutation]
 73049 | Zot:5    | Gained mutation: Potions are less effective at restoring
                  | your health. [potion of mutation]
 73049 | Zot:5    | Gained mutation: You have hoof-like feet. [potion of
                  | mutation]
 73086 | Zot:5    | Lost mutation: You have hoof-like feet. [potion of
                  | mutation]
 73086 | Zot:5    | Lost mutation: You are partially covered in iridescent
                  | scales. (AC +2) [potion of mutation]
 73086 | Zot:5    | Lost mutation: You have large cloven feet. [potion of
                  | mutation]
 73086 | Zot:5    | Gained mutation: Your flesh is cold resistant. (rC+)
                  | [potion of mutation]
 73087 | Zot:5    | Lost mutation: You are weak. (Str -2) [potion of mutation]
 73087 | Zot:5    | Lost mutation: You possess an exceptional clarity of mind.
                  | [potion of mutation]
 73087 | Zot:5    | Gained mutation: Your magical capacity is low. (-10% MP)
                  | [potion of mutation]
 73087 | Zot:5    | Gained mutation: You are strong-willed. (Will+) [potion of
                  | mutation]
 73088 | Zot:5    | Lost mutation: Armour fits poorly on your strangely shaped
                  | body. [potion of mutation]
 73088 | Zot:5    | Lost mutation: Potions are less effective at restoring your
                  | health. [potion of mutation]
 73088 | Zot:5    | Lost mutation: You occasionally lose the ability to read
                  | scrolls when taking damage. [potion of mutation]
 73088 | Zot:5    | Gained mutation: Your mind is acute. (Int +4, Str/Dex -1)
                  | [potion of mutation]
 73097 | Zot:5    | Noticed a Killer Klown
 73141 | Zot:5    | Killed a Killer Klown
 73172 | Zot:5    | Noticed an orb of fire
 73173 | Arena    | Entered the Arena
 73186 | Arena    | Killed an orb of fire
 73308 | Zot:5    | Reached XP level 26. HP: 239/266 MP: 31/31
 73339 | Zot:5    | Got the Orb of Zot
 73517 | Depths:4 | Noticed Pusobes the pandemonium lord
 73632 | D:15     | Noticed Ademoj the pandemonium lord
 73656 | Abyss:6  | Cast into level 6 of the Abyss (Ademoj)
 73898 | Abyss:6  | Got an abyssal rune of Zot
 74011 | Abyss:6  | Noticed a dread lich
 74022 | Abyss:6  | Killed a dread lich
 74030 | Abyss:6  | Found a corrupted altar of Lugonu.
 74074 | Abyss:6  | Gained mutation: You sometimes lose your temper in combat.
                  | [a neqoxec]
 74106 | D:15     | Escaped the Abyss
 74182 | D:13     | Noticed Fodway the pandemonium lord
 74483 | D:$      | Escaped with the Orb!

Illustrated notes

Levels and vault maps discovered:
D:1:      saegor_arrival_simple_e, layout_loops_cross
D:2:      layout_basic, minmay_between
D:3:      layout_rooms, serial_shops, nicolae_shop_overgrown_old_shop,
          shapermc_ecumenical_altar_ellora
D:4:      layout_basic, saegor_snake_ambush
D:5:      layout_rooms, mainiacjoe_overflow_cross_hatched, lemuel_doored_altar
D:6:      layout_basic, mainiacjoe_overflow_six_doors_small, kennysheep_path_1,
          dk_vineyard_3, uniq_edmund
D:7:      layout_basic, grunt_temple_overflow_forces_of_nature,
          minmay_temple_entry_fiery
D:8:      layout_rooms, minmay_overflow_temple_star_hex, kennysheep_little_box
D:9:      layout_gridville, hellmonk_ghost_happy_afterlife,
          minmay_misc_feat_rows, minmay_ruined_shrine
D:10:     nzn_winding_woodlands_cross [nzn_winding_woodlands_5x15_jagged,
          nzn_winding_woodlands_5x15_pathside_ponds,
          nzn_winding_woodlands_5x15_sidewinder,
          nzn_winding_woodlands_5x15_river_crossing,
          nzn_winding_woodlands_15x15_five_gardens], layout_rooms, serial_shops,
          shop, nicolae_shop_overcharged_wands
D:11:     layout_rooms, minmay_lair_entry_grove, orc_0_dummy,
          nicolae_stop_n_shop_2, uniq_grum
D:12:     layout_roguey
D:13:     layout_irregular_city, uniq_erolcha
D:14:     layout_basic, lightli_vaults_fourway_checkpoint, serial_corexii_hall,
          corexii_hall_statues_deadend, chequers_hall_statues_corner_a,
          minmay_misc_feat_tower, minmay_misc_feat_encased
D:15:     grunt_enter_depths_magical_seal, layout_loops_ring,
          serial_bayou_pond_a, grunt_dithmenos_smoke_and_mirrors
Temple:   minmay_temple_curvy_loop
Lair:1:   layout_roguey, eino_small_chamber_without_monster,
          kennysheep_snail_temple, grunt_megastairs_1
Lair:2:   gammafunk_indiana_jones, layout_regular_city,
          nicolae_swamp_entry_splash_gauntlet, spider_nest_entry_rubble,
          chequers_serial_rivers_large_a
Lair:3:   wad_woods_structure_01, layout_cave_pods,
          chequers_serial_rivers_micro_a
Lair:4:   layout_hall_layers
Lair:5:   due_jungle_book, layout_regular_city, minmay_slime_entry_oklob_open,
          hellmonk_guarded_unrand_vines, serial_bayou_shore_b
Swamp:1:  layout_falls_marsh, hangedman_swamp_blocks, uniq_mlioglotl
Swamp:2:  layout_basic_swamp, evilmike_swamp_ruin_house_6, swamp_pool2,
          nicolae_swamp_orc_logging_accident, uniq_louise
Swamp:3:  layout_falls_marsh, evilmike_swamp_ruin_house_2, swamp_pool3,
          nicolae_swamp_bloodsuckers_inc, infiniplex_staircase_pool
Swamp:4:  swamp_fiery, layout_basic_swamp, uniq_bai_suzhen, uniq_aizul
Spider:1: cheibrodos_forgotten_conduit, drop_trap,
          nicolae_spider_jagged_tunnels, hangedman_spider_tarantella_strand
Spider:2: layout_cave_pods, gammafunk_ghost_mausoleum, nicolae_spider_bug_shape,
          uniq_jorgrun, uniq_roxanne
Spider:3: nicolae_spider_corner, nicolae_spider_nook, uniq_arachne
Spider:4: grunt_spider_rune_parallel, uniq_nikola
Orc:1:    hellmonk_paralyzer, layout_caves, uniq_nergalle
Orc:2:    pubby_orc_utopia
Elf:1:    eino_elf_arrival_customs, layout_geoelf_grid, minivault_28,
          dilly_guarded_unrand_elemental_staff
Elf:2:    nicolae_elf_blades_crystal_corner, layout_loops_corners,
          hangedman_elf_simple_split
Elf:3:    minmay_elf_hall_four_x, layout_loops_cross, uniq_saint_roka
Vaults:1: advil_vaults_ghost_guards, vaults_dpeg_emergency_exit,
          grunt_vaults_hallway_short, nicolae_vaults_what_the_h,
          vaults_dpeg_encased_lava, hangedman_vaults_unwind,
          nicolae_vaults_ring_of_whatevers, v_pattern_4, vaults_room_semicircle,
          nicolae_vaults_angled_halls, nicolae_vaults_little_squares_3,
          vaults_room_fours, ontoclasm_vaults_decontamination, v_misc_5,
          grunt_vaults_hallway_long, layout_vaults_maze_snakey, serial_shops,
          nicolae_shop_window_shopping
Vaults:2: vaults_room_fancy_cross, hangedman_vaults_stretched_pinwheel,
          st_cross, v_misc_18, hangedman_vaults_river_flow, vaults_room_hallway,
          nicolae_vaults_sealed_display, ontoclasm_vaults_twist,
          layout_vaults_omnigrid, dummy_crypt_entry, serial_shops,
          nicolae_shop_crystal
Vaults:3: ontoclasm_vaults_bender, v_pattern_2, nicolae_vaults_ninety_degrees,
          v_misc_4, grunt_vaults_swirl, vaults_dpeg_cross,
          nicolae_vaults_border_crossing, nicolae_vaults_network_quinsquares
          [nicolae_vaults_network_quincunx_subvault,
          nicolae_vaults_network_quincunx_subvault,
          nicolae_vaults_network_quincunx_subvault,
          nicolae_vaults_network_quincunx_subvault], vaults_room_door_ring,
          nicolae_vaults_little_squares_3, nicolae_vaults_theta,
          layout_vaults_omnibox, uniq_zenata, uniq_frederick, uniq_asterion,
          uniq_margery
Vaults:4: hangedman_vaults_impose, hangedman_vaults_hat, v_misc_24, v_misc_22,
          vaults_room_large_hall, nicolae_vaults_little_squares_1, v_misc_26,
          vaults_dpeg_hooks, nicolae_vaults_alarming,
          ontoclasm_vaults_misaligned, vaults_room_grunt_arrival_checkpoint,
          nicolae_vaults_little_squares_1, layout_vaults_chaotic_city,
          serial_shops, nicolae_shop_window_shopping, uniq_mennas
Vaults:5
Crypt:1:  gammafunk_sealed_arena, layout_gridlike, grunt_megastairs_4
Crypt:2:  layout_basic, mu_enter_wizlab_3, hex_medium
Crypt:3:  church_of_pain_bobbens, layout_chaotic_city
Depths:1: layout_gridlike, hell_entry, nrook_pool_corridor,
          abyss_entry_flame_altar, nicolae_shop_vocational
Depths:2: evilmike_library_of_no_secrets, layout_cave_pools,
          kennysheep_cross_room, grunt_hell_horde, grunt_pan_entry_zigzag,
          minmay_holes, nicolae_hepliaklqana_ecumenical_no_more
Depths:3: wad_lake_hut, layout_gridlike, enter_ziggurat_b, hell_entry,
          abyss_entry, minmay_shop_grid_forest
Depths:4: grunt_zot_entry_pinwheel, layout_cave_shapes, grunt_pan_entry_sceptre,
          hell_entry, nicolae_kikubaaqudgha_miasma_corner, serial_bayou_shore_a
Zot:1:    layout_gridville
Zot:2:    gammafunk_dig_for_victory, layout_onion_interference
Zot:3:    grunt_zot_stairs_faceoff, layout_basic, grunt_ministairs_3
Zot:4:    layout_onion_interference
Zot:5:    layout_basic, skrybe_zot_glass_1

Skill      XL: |  1  2  3  4  5  6  7  8  9 10 11 12 13 14 15 16 17 18 19 20 21 22 23 24 25 26 |
---------------+-------------------------------------------------------------------------------+-----
Axes           | 3 4 5 6 7 9 11 13 15 16 17 18 | 18.0
Fighting       | 4 5 6 7 8 10 11 12 14 15 16 17 18 19 20 22 23 25 26 27 | 27.0
Invocations    | 3 5 7 9 10 11 12 13 15 18 19 | 19.0
Shields        | 8 12 14 16 18 19 21 22 | 22.0
Armour         | 5 10 13 15 16 18 20 21 22 | 22.0
Evocations     | 3 5 7 9 10 12 13 14 17 18 | 18.2
Dodging        | 1 6 9 11 12 14 17 19 20 | 20.0

Action                   |  1- 3 |  4- 6 |  7- 9 | 10-12 | 13-15 | 16-18 | 19-21 | 22-24 | 25-27 || total
-------------------------+-------+-------+-------+-------+-------+-------+-------+-------+-------++-------
Melee: War axe           |    92 |    96 |   289 |   422 |   469 |       |       |       |       ||  1368
       Headbutt          |     9 |    12 |    51 |   112 |   233 |   380 |   392 |   566 |   239 ||  1994
       Morningstar       |       |       |       |    14 |    51 |    84 |       |       |       ||   149
       Broad axe         |       |       |       |       |   511 |  1286 |  1430 |  1713 |   752 ||  5692
Invok: Heroism           |       |       |     1 |    19 |    25 |    27 |    13 |     9 |     4 ||    98
       Finesse           |       |       |       |     1 |     4 |     7 |     6 |    12 |    10 ||    40
       Duel              |       |       |       |       |     2 |     3 |     5 |     1 |     4 ||    15
Evoke: Wand              |       |       |       |     4 |     1 |       |     1 |       |     6 ||    12
       Condenser vane    |       |       |       |       |       |     1 |       |     1 |       ||     2
       Tin of tremorston |       |       |       |       |       |       |       |     2 |       ||     2
  Use: Potion            |       |     1 |     1 |     2 |       |     5 |       |     4 |    13 ||    26
       Scroll            |       |     3 |     5 |     9 |    24 |     5 |    15 |    11 |    21 ||    93
 Stab: Distracted        |       |       |       |       |     1 |     1 |       |       |       ||     2
       Petrified         |       |       |       |       |     1 |       |       |       |       ||     1
       Sleeping          |       |       |       |       |     1 |       |       |       |       ||     1
       Confused          |       |       |       |       |       |     1 |       |       |       ||     1
Armor: Scale mail        |    33 |    42 |    59 |       |       |       |       |       |       ||   134
       Chain mail        |       |       |    38 |    84 |       |       |       |       |       ||   122
       Leather armour    |       |       |       |   108 |   176 |   361 |    83 |       |       ||   728
       Shadow dragon sca |       |       |       |       |       |       |   196 |       |       ||   196
       Pearl dragon scal |       |       |       |       |       |       |    77 |   449 |   177 ||   703
Dodge: Dodged            |    48 |    40 |    69 |   107 |   116 |   301 |   330 |   410 |   221 ||  1642
Block: Buckler           |    39 |    60 |   111 |   178 |       |       |       |       |       ||   388
       Reflection        |       |     1 |     3 |     7 |    50 |    10 |       |       |       ||    71
       Tower shield      |       |       |       |    83 |  1092 |  1737 |  1613 |  1698 |   653 ||  6876
